 Dungeon Crawl Stone Soup version 0.28-a0-409-g6a72785379 (webtiles) character file.

Game seed: 3109489333773351245

9904 Decipherer the Blocker (level 11, -16/94 HPs)
             Began as a Minotaur Berserker on Sept 6, 2021.
             Was a High Priest of Trog.
             Demolished by an ettin (39 damage)
             ... on level 10 of the Dungeon.
             The game lasted 00:14:50 (10784 turns).

Decipherer the Blocker (Minotaur Berserker)        Turns: 10784, Time: 00:14:50

Health: -16/94     AC: 16    Str: 22    XL:     11   Next: 29%
Magic:  10/10      EV: 11    Int:  4    God:    Trog [*****.]
Gold:   427        SH: 21    Dex: 13    Spells: 10/10 levels left

rFire   . . .      SeeInvis .   y - +0 trident (venom)
rCold   . . .      Faith    .   j - +0 tower shield
rNeg    . . .      Spirit   .   H - +0 acid dragon scales
rPois   +          Reflect  +   A - +0 hat
rElec   .          Harm     .   d - +0 cloak
rCorr   +          Rampage  .   q - +0 pair of gloves
Will    .....                   b - +0 pair of boots
Stlth   +.........              t - amulet of reflection
HPRegen 0.25/turn               p - +4 ring of protection
MPRegen 0.12/turn               i - ring of poison resistance

@: on berserk cooldown, slowed, very slow
A: horns 2, retaliatory headbutt
a: Renounce Religion, Berserk, Trog's Hand, Brothers in Arms


You were on level 10 of the Dungeon.
You worshipped Trog.
Trog was extremely pleased with you.
You visited 1 branch of the dungeon, and saw 10 of its levels.
You also visited: Ossuary.

You collected 427 gold pieces.

Inventory:

Hand Weapons
 a - a +0 mace
 y - a +0 trident of venom (weapon)
 F - a +2 antimagic demon trident
 I - a +2 broad axe of draining
Missiles
 m - 5 throwing nets
 s - 56 poisoned darts (quivered)
 u - 9 curare-tipped darts
 J - 4 javelins
 K - 7 boomerangs
 L - 3 atropa-tipped darts
Armour
 b - a +0 pair of boots (worn)
 d - a +0 cloak (worn)
 j - a +0 tower shield (worn)
 q - a +0 pair of gloves (worn)
 A - a +0 hat (worn)
 H - +0 acid dragon scales (worn)
 N - the +1 robe of Anextam {rPois}
   (You found it on level 10 of the Dungeon)

   rPois:     It protects you from poison.
 Q - a +0 scale mail
Jewellery
 i - a ring of poison resistance (right hand)
 p - a +4 ring of protection (left hand)
 t - an amulet of reflection (around neck)
 x - a ring of willpower
Wands
 R - a wand of paralysis (9)
Scrolls
 n - 4 scrolls of vulnerability
 w - a scroll of torment
 z - a scroll of fog {unknown}
 C - a scroll of enchant armour {unknown}
 D - 3 scrolls of identify
 M - a scroll of fear {unknown}
 O - a scroll of holy word {unknown}
 P - a scroll of magic mapping {unknown}
Potions
 c - 4 potions of might
 e - a potion of invisibility {unknown}
 f - 2 potions of haste
 g - a potion of experience {unknown}
 h - 5 potions of heal wounds
 k - a potion of degeneration {unknown}
 l - 5 potions of brilliance
 o - a potion of mutation {unknown}
 v - 2 potions of attraction {unknown}
 B - 2 potions of curing {unknown}
 E - 3 potions of flight {unknown}
 G - a potion of cancellation {unknown}
Miscellaneous
 r - a lightning rod (inert)


   Skills:
 + Level 8.0 Fighting
 + Level 7.6 Maces & Flails
 + Level 9.6 Polearms
 + Level 4.3 Throwing
 + Level 9.1 Armour
 + Level 6.1 Dodging
 + Level 1.5 Stealth
 + Level 10.6 Shields
 + Level 0.2 Evocations


You had 10 spell levels left.
You didn't know any spells.
Your spell library contained the following spells:

 Spells                   Type           Power      Damage    Failure   Level
 Animate Skeleton         Necr           0%         N/A       99%         1
 Pain                     Necr           0%         1d4       99%         1
 Dazzling Flash           Conj/Hex       0%         N/A       100%        3
 Iskenderun's Mystic Bla  Conj/Tloc      0%         2d3       100%        4
 Leda's Liquefaction      Hex/Erth       0%         N/A       100%        4
 Agony                    Necr           0%         N/A       100%        5
 Excruciating Wounds      Necr           0%         N/A       100%        5
 Lee's Rapid Deconstruct  Erth           0%         3d5*      100%        5
 Starburst                Conj/Fire      0%         6d3       100%        6
 Statue Form              Tmut/Erth      0%         N/A       100%        6


Dungeon Overview and Level Annotations

Branches:
Dungeon (10/15)            Temple (0/1) D:6            Lair (0/6) D:9
Ossuary (visited)
    Orc: D:9-12

Altars:
Cheibriados
Dithmenos
Elyvilon
Gozag
Hepliaklqana
Makhleb

Shops:
D:4 (   D:7 [


Innate Abilities, Weirdness & Mutations

You have a pair of horns on your head.
You reflexively headbutt those who attack you in melee.


Message History

There are monsters nearby!
You hit the ettin but do no damage.
The ettin looks as sick as possible!
The ettin is lightly wounded.
The ettin hits you with a +0 dire flail!!
The ettin hits you with a +0 dire flail!
The orc warrior barely misses you.
Unknown command.
There are monsters nearby!
You are too injured to fight recklessly!
Unknown command.
There are monsters nearby!
You are too injured to fight recklessly!
Unknown command.
A red film seems to cover your vision as you go berserk!
You feel yourself moving faster!
You feel mighty!
The ettin hits you with a +0 dire flail!!
* * * LOW HITPOINT WARNING * * *
The ettin hits you but does no damage. You block the orc warrior's attack.
You hit the ettin but do no damage.
The ettin looks as sick as possible!
You headbutt the ettin, but do no damage.
The ettin is lightly wounded.
You block the ettin's attack. x2
The orc warrior hits you but does no damage.
You puncture the ettin!
The ettin looks as sick as possible!
The ettin is lightly wounded.
You block the ettin's attack. The ettin completely misses you.
You block the orc warrior's attack.
You barely miss the ettin. Your headbutt misses the ettin.
The ettin is lightly wounded.
You block the ettin's attack. x2
You feel a strong urge to attack something.
You feel your anger nearly subside.
You are no longer berserk.
You are exhausted.
You feel yourself slow down. The ettin barely misses you.
You furiously retaliate!
You headbutt the ettin, but do no damage.
You block the ettin's attack. You block the ettin's attack.
The ettin hits you with a +0 dire flail!!!
You die...

.##.# .................
.##.#######.................
.........(.......#..#.......
##................#.).......
##.###............)†).......
#..# ##.<..#######..)#######
#.####.....#♣♣....♣.♣)...♣♣
...#.......#♣....♣.♣.♣....♣#
...........#....@♣♣♣♣♣.....#
.....#..#..#♣...C♣.♣.♣....♣#
.......##..#♣♣....♣.♣....♣♣
...........########.######
...........#..yo....#
......###..#)♣.######
....)......#.♣.#
......###..#.♣.'oy#####
..)..## ..#...####...


You could see an ettin (very poisoned).

Vanquished Creatures
  3 two-headed ogres
  2 centaur zombies (D:10)
  Joseph (D:10)
  A gargoyle (D:10)
  Maggie (D:7)
  Psyche (D:10)
  A troll (D:10)
  A hornet (D:10)
  Prince Ribbit (D:7)
  A centaur simulacrum (D:10)
  A wraith (D:10)
  A yak (D:10)
  A steam dragon (D:6)
  A wyvern (D:9)
  3 water moccasins
  A sky beast (D:8)
  2 ice beasts
  A hornet zombie (D:6)
  3 black bears
  3 ogres
  5 centaurs
  2 phantoms (D:5)
  4 kobold brigands
  A gnoll sergeant (D:6)
  4 bullfrogs
  A scorpion (D:4)
  7 water moccasin zombies (Ossuary)
  6 killer bees
  2 howler monkeys (D:9)
  A bullfrog zombie (D:6)
  3 bullfrog skeletons (D:5)
  2 jellies
  A gnoll shaman (D:6)
  3 orc priests
  4 hounds
  A centaur skeleton (D:7)
  Jessica (D:3)
  An iguana (D:5)
  Natasha (twice) (D:3)
  3 orc wizards
  2 killer bee zombies
  A hound skeleton (D:5)
  2 mummies (Ossuary)
  A howler monkey zombie (D:6)
  11 gnolls
  A howler monkey skeleton (D:7)
  7 adders
  2 shadow imps
  2 white imps
  7 adder zombies (Ossuary)
  2 worms
  3 dart slugs
  21 orcs
  6 bats
  7 endoplasms
  A giant cockroach (D:2)
  5 gnoll zombies (Ossuary)
  6 hobgoblins
  4 quokkas
  8 ball pythons
  2 frilled lizards (D:1)
  12 goblins
  A hobgoblin zombie (Ossuary)
  26 kobolds
  4 kobold zombies (Ossuary)
  7 orc zombies (Ossuary)
  2 rats (D:1)
237 creatures vanquished.

Vanquished Creatures (collateral kills)
  A two-headed ogre (D:9)
  A howler monkey (D:9)
2 creatures vanquished.

Vanquished Creatures (others)
  A kobold brigand (D:9)
  An orc wizard (D:10)
  2 plants (D:4)
4 creatures vanquished.

Grand Total: 243 creatures vanquished

Notes
Turn   | Place    | Note
-------+----------+-------------------------------------------
     0 | D:1      | Decipherer the Minotaur Berserker began the quest for the
                  | Orb.
     0 | D:1      | Reached XP level 1. HP: 19/19 MP: 0/0
   196 | D:1      | Reached XP level 2. HP: 21/27 MP: 1/1
  1124 | D:2      | Found a faded altar of an unknown god.
  1151 | D:2      | Reached XP level 3. HP: 33/33 MP: 2/2
  1194 | D:2      | Reached ** piety under Trog
  1709 | D:3      | Reached XP level 4. HP: 39/41 MP: 3/3
  1741 | D:3      | Found a snail-covered altar of Cheibriados.
  1745 | D:3      | Noticed Natasha
  1751 | D:3      | Killed Natasha
  1752 | D:3      | Reached skill level 5 in Maces & Flails
  2157 | D:3      | Noticed Jessica
  2165 | D:3      | Killed Jessica
  2166 | D:3      | Reached skill level 1 in Stealth
  2166 | D:3      | Reached skill level 1 in Shields
  2166 | D:3      | Reached XP level 5. HP: 25/47 MP: 4/4
  2171 | D:3      | Got Jessica's Grimoire of Evil
  2350 | D:3      | Noticed Natasha
  2353 | D:3      | Killed Natasha
  2493 | D:4      | Found Qufablib's Antique Weapon Boutique.
  2615 | D:4      | Found a hazy altar of Hepliaklqana.
  3086 | D:4      | Reached XP level 6. HP: 53/53 MP: 5/5
  3915 | D:4      | Noticed a water moccasin
  3921 | D:4      | Killed a water moccasin
  3922 | D:4      | Reached skill level 2 in Shields
  4186 | D:4      | Reached *** piety under Trog
  4487 | D:5      | Entered Level 5 of the Dungeon
  4547 | D:5      | Reached skill level 5 in Fighting
  4547 | D:5      | Reached XP level 7. HP: 61/61 MP: 6/6
  4667 | D:5      | Reached skill level 3 in Shields
  4685 | D:5      | Reached skill level 5 in Armour
  4857 | D:5      | Found a burning altar of Makhleb.
  5073 | D:5      | Reached skill level 4 in Shields
  5130 | D:5      | Reached XP level 8. HP: 47/69 MP: 7/7
  5265 | D:5      | Found a white marble altar of Elyvilon.
  5439 | D:5      | Reached skill level 5 in Shields
  6170 | D:6      | Reached skill level 1 in Throwing
  6332 | D:6      | Reached skill level 1 in Polearms
  6332 | D:6      | Reached skill level 6 in Shields
  6350 | D:6      | Found a staircase to the Ecumenical Temple.
  7217 | D:6      | Reached XP level 9. HP: 69/75 MP: 8/8
  7286 | D:6      | Reached **** piety under Trog
  7530 | D:7      | You fall into a shaft and drop 3 floors!
  7530 | D:10     | Entered Level 10 of the Dungeon
  7538 | D:10     | Reached skill level 7 in Shields
  7544 | D:10     | Noticed a two-headed ogre
  7546 | D:10     | Noticed Psyche
  7568 | D:9      | Killed a two-headed ogre
  7569 | D:9      | Reached skill level 5 in Polearms
  7680 | D:9      | Noticed a two-headed ogre
  7686 | D:9      | Killed a two-headed ogre
  7687 | D:9      | Reached skill level 8 in Shields
  7745 | D:9      | Reached XP level 10. HP: 71/84 MP: 9/9
  7789 | D:7      | Noticed Prince Ribbit
  7806 | D:7      | Killed Prince Ribbit
  7873 | D:7      | Found a sand-covered staircase.
  7877 | Ossuary  | Entered an ossuary
  8128 | D:7      | Reached ***** piety under Trog
  8141 | D:7      | Noticed Maggie
  8145 | D:7      | Received a gift from Trog
  8160 | D:7      | Killed Maggie
  8467 | D:7      | Found a shadowy altar of Dithmenos.
  8480 | D:7      | Found an opulent altar of Gozag.
  8624 | D:7      | Found Haadgh's Armour Boutique.
  8859 | D:8      | Reached skill level 9 in Shields
  9004 | D:8      | Reached skill level 5 in Dodging
  9743 | D:9      | Found a staircase to the Lair.
  9948 | D:10     | Noticed a two-headed ogre
  9949 | D:10     | Noticed Joseph
  9956 | D:10     | Killed a two-headed ogre
  9969 | D:10     | Killed Joseph
  9970 | D:10     | Reached skill level 10 in Shields
 10041 | D:10     | Noticed a two-headed ogre
 10046 | D:10     | Noticed a gargoyle
 10059 | D:10     | Killed a two-headed ogre
 10060 | D:10     | Reached XP level 11. HP: 76/94 MP: 10/10
 10233 | D:10     | Killed Psyche
 10388 | D:10     | Identified the +1 robe of Anextam {rPois}
 10766 | D:10     | Noticed an ettin
 10784 | D:10     | Demolished by an ettin

Illustrated notes

Levels and vault maps discovered:
D:1:      wander_arrival_estate, layout_basic
D:2:      layout_loops_ring, hellmonk_ecumenical_altar_leap_of_faith
D:3:      layout_loops_ring, overflow_temple_1_default, minmay_misc_feat_plants,
          kennysheep_jessica_study, uniq_natasha
D:4:      layout_cave_pods, lemuel_tele_altar, serial_shops, shop,
          saegor_snake_ambush
D:5:      layout_loops_corners, lemuel_crystal_altar,
          mainiacjoe_overflow_concentric_impassable, kennysheep_big_empty_room,
          hangedman_decor_diamond_cutter, kennysheep_small_square
D:6:      layout_layer_cave, minmay_temple_entry_waves, minmay_ogre_servants
D:7:      layout_cave_pools, mainiacjoe_overflow_swirl, enter_ossuary_5,
          serial_shops, nicolae_shop_behind_doors, uniq_prince_ribbit1,
          uniq_maggie
D:8:      layout_rooms
D:9:      layout_loops_ring, lair_entry_dummy
D:10:     nzn_winding_woodlands_small [nzn_winding_woodlands_5x15_pool,
          nzn_winding_woodlands_center_lodge,
          nzn_winding_woodlands_5x15_parted], layout_rooms,
          gammafunk_temple_overflow_pools, uniq_psyche, uniq_joseph,
          uniq_erolcha

Skill      XL: |  1  2  3  4  5  6  7  8  9 10 11 |
---------------+----------------------------------+-----
Maces & Flails | 4 5 6 7 |  7.6
Fighting       | 4 5 6 7 8 |  8.0
Dodging        | 3 4 5 6 |  6.1
Armour         | 3 4 5 7 8 9 |  9.1
Stealth        | 1 |  1.5
Shields        | 1 2 4 6 8 10 | 10.6
Throwing       | 2 4 |  4.3
Polearms       | 2 6 9 |  9.6
Evocations     | |  0.2

Action                   |  1- 3 |  4- 6 |  7- 9 | 10-12 || total
-------------------------+-------+-------+-------+-------++-------
Melee: Mace              |    81 |   135 |   143 |       ||   359
       Headbutt          |    11 |    26 |    52 |   103 ||   192
       Trident           |       |       |   122 |   400 ||   522
Throw: Dart              |       |       |    34 |    61 ||    95
Invok: Berserk           |       |     3 |     5 |     8 ||    16
       Trog's Hand       |       |       |     2 |       ||     2
       Brothers in Arms  |       |       |     1 |       ||     1
Evoke: Lightning rod     |       |       |       |     4 ||     4
  Use: Scroll            |       |     5 |     2 |     1 ||     8
       Potion            |       |     1 |     3 |     1 ||     5
 Stab: Sleeping          |     1 |       |       |       ||     1
Armor: Animal skin       |    11 |       |       |       ||    11
       Scale mail        |    29 |    94 |       |       ||   123
       Chain mail        |       |     1 |   172 |    85 ||   258
       Acid dragon scale |       |       |       |    88 ||    88
Dodge: Dodged            |    37 |    46 |    56 |    78 ||   217
Block: Tower shield      |    13 |    87 |   275 |   400 ||   775
       Reflection        |       |       |       |    21 ||    21

Table legend: (Time is in decaauts)
 A = Elapsed time spent in this place.
 B = Non-inter-level travel time spent in this place.
 C = Inter-level travel time spent in this place.
 D = Time resting spent in this place.
 E = Time spent auto-exploring this place.
 F = Levels seen in this place.
 G = Mean time per level.
                   A        B        C        D        E       F      G
               +--------+--------+--------+--------+--------+-----+--------+
         Total |  11252 |  10925 |    327 |      0 |   8595 |  11 | 1022.9 |
       Dungeon |  10990 |  10663 |    327 |      0 |   8512 |  10 | 1099.0 |
       Ossuary |    261 |    261 |      0 |      0 |     83 |   1 |  261.0 |
               +--------+--------+--------+--------+--------+-----+--------+

Top non-repeatable levels by time:
     D:4: 2116 daAuts
     D:6: 1913 daAuts
     D:5: 1278 daAuts
    D:10: 986 daAuts
     D:3: 929 daAuts
     D:7: 884 daAuts
     D:1: 847 daAuts
     D:9: 792 daAuts
     D:2: 733 daAuts
     D:8: 507 daAuts
 Ossuary: 261 daAuts
